 Dungeon Crawl Stone Soup version 0.31-a0-1074-g0b22e4e0f1 (webtiles) character file.

Game seed: 11927840928017734658

30 CowFu the Covered (level 3, -5/28 HPs)
             Began as a Gnoll Wanderer on Dec 8, 2023.
             Was a Follower of Makhleb.
             Slain by a sleepcap (6 damage)
             ... on level 2 of the Dungeon.
             The game lasted 00:01:29 (949 turns).

CowFu the Covered (Gnoll Wanderer)                   Turns: 949, Time: 00:01:30

Health: -5/28      AC:  7    Str: 13    XL:     3   Next: 18%
Magic:  7/7        EV:  9    Int: 11    God:    Makhleb [*.....]
Gold:   25         SH:  0    Dex: 11    Spells: 6/7 levels left

rFire   . . .        a - +0 spear
rCold   . . .        (no shield)
rNeg    . . .        b - +0 scale mail
rPois   .            (no helmet)
rElec   .            (no cloak)
rCorr   .            (no gloves)
SInv    .            (no boots)
Will    .....        (no amulet) Stlth
                     (no ring)
HPRegen 0.24/turn    (no ring)
MPRegen 0.10/turn

%: no passive effects
@: no status effects
A: fangs 1, strong nose, distributed training
a: Renounce Religion


You were on level 2 of the Dungeon.
You worshipped Makhleb.
Makhleb was aware of your devotion.
You visited 1 branch of the dungeon, and saw 2 of its levels.

You collected 25 gold pieces.

Inventory:

Hand Weapons
 a - a +0 spear (weapon)
Armour
 b - a +0 scale mail (worn)
Jewellery
 e - an amulet of guardian spirit
Scrolls
 d - 2 scrolls of identify {unknown}
 f - a scroll of teleportation {unknown}
 g - a scroll of amnesia {unknown}


   Skills:
 + Level 2.6 Fighting
 + Level 0.7 Short Blades
 + Level 0.7 Long Blades
 + Level 0.7 Axes
 + Level 0.7 Maces & Flails
 + Level 2.6 Polearms
 + Level 0.7 Staves
 + Level 0.7 Ranged Weapons
 + Level 0.7 Throwing
 + Level 6.5 Armour
 + Level 2.6 Dodging
 + Level 0.7 Stealth
 + Level 0.7 Shields
 + Level 0.7 Unarmed Combat
 + Level 2.8 Spellcasting
 + Level 0.5 Conjurations
 + Level 3.7 Hexes
 + Level 0.5 Summonings
 + Level 0.5 Necromancy
 + Level 0.5 Translocations
 + Level 0.5 Transmutations
 + Level 0.5 Fire Magic
 + Level 0.5 Ice Magic
 + Level 0.5 Air Magic
 + Level 0.5 Earth Magic
 + Level 0.5 Poison Magic
 + Level 0.9 Invocations
 + Level 2.6 Evocations
 + Level 0.6 Shapeshifting


You had 6 spell levels left.
You knew the following spells:

 Your Spells              Type           Power      Damage    Failure   Level
a - Slow                  Hex            36%        N/A       22%         1

Your spell library contained the following spells:

 Spells                   Type           Power      Damage    Failure   Level
 Tukima's Dance           Hex            9%         N/A       56%         3
 Dazzling Flash           Conj/Hex       12%        N/A       78%         3


Dungeon Overview and Level Annotations

Branches:
Dungeon (2/15)

Altars:
Makhleb

Shops:
D:1 (


Innate Abilities, Weirdness & Mutations

You have very sharp teeth.
Your uncanny sense of smell can sniff out nearby items.
Your experience applies equally to all skills.


Message History

The sleepcap releases spores at you.
You are engulfed in a cloud of soporific spores!
You fall asleep.
The sleepcap completely misses you.
The sleepcap releases spores at you but does no damage.
The sleepcap releases spores at you but does no damage.
The sleepcap releases spores at you!!
You wake up.
Ouch! That really hurt!
* * * LOW HITPOINT WARNING * * *
You are too injured to fight recklessly!
Unknown command.
You are too injured to fight recklessly!
Unknown command.
You are too injured to fight recklessly!
Unknown command.
You are too injured to fight recklessly!
You are too injured to fight recklessly!
You are too injured to fight recklessly!
You hit the sleepcap but do no damage.
The sleepcap is moderately damaged.
The sleepcap releases spores at you.
* * * LOW HITPOINT WARNING * * *
You aren't carrying any potions.
You aren't carrying any potions.
As you read the scroll of fear, it crumbles to dust.
You assume a fearsome visage.
The rat looks frightened!
The quokka looks frightened!
The sleepcap is unaffected.
The sleepcap releases spores at you but does no damage.
You hit the sleepcap but do no damage.
The sleepcap is moderately damaged.
The sleepcap barely misses you.
You hit the sleepcap but do no damage.
You bite the sleepcap, but do no damage.
The sleepcap is moderately damaged.
The sleepcap releases spores at you.
* * * LOW HITPOINT WARNING * * *
You hit the sleepcap.
The sleepcap is heavily damaged.
The sleepcap releases spores at you.
You die...

#### ...## #...#
#...# ####...####
#.........#
#......>..#
#.######f@.......#
#.......###...####
#......$# #...#
#.....r.# #...#
........# ##.##
#.......####.####
#.......#.......#
#...!...#.##.##.#
#.##.##.# #.## #


You could see a sleepcap.

Vanquished Creatures
  A ball python (D:1)
  4 bats
  2 endoplasms (D:1)
  A giant cockroach (D:1)
  2 goblins
  4 hobgoblins
  4 jackals (D:1)
  A quokka (D:2)
  3 frilled lizards
  2 kobolds
  A rat (D:1)
25 creatures vanquished.

Notes
Turn   | Place    | Note
-------+----------+-------------------------------------------
     0 | D:1      | CowFu the Gnoll Wanderer began the quest for the Orb.
     0 | D:1      | CowFu set off with the following items: a +0 spear, a +0
                  | scale mail, a scroll of fear; and the following spell
                  | memorised: Slow; and the following spells available to
                  | memorise: Tukima's Dance, Dazzling Flash.
     0 | D:1      | Reached XP level 1. HP: 17/17 MP: 4/4
   264 | D:1      | Reached XP level 2. HP: 23/23 MP: 5/5
   408 | D:1      | Found Axta's Antique Weapon Shop.
   795 | D:2      | Reached XP level 3. HP: 28/28 MP: 7/7
   830 | D:2      | Found a faded altar of an unknown god.
   842 | D:2      | Prayed at the altar of an unknown god.
   842 | D:2      | Became a worshipper of Makhleb the Destroyer
   842 | D:2      | Reached * piety under Makhleb
   948 | D:2      | HP: 1/28 [sleepcap (3)]
   949 | D:2      | Slain by a sleepcap

Illustrated notes

Levels and vault maps discovered:
D:1:      erik_arrival_orb_chamber, layout_basic, serial_shops, shop
D:2:      layout_loops_cross, shapermc_ecumenical_altar_venn

Action                     || total
---------------------------++-------
  Melee: Spear             ||   132
         Bite              ||     8
   Cast: Slow              ||     3
    Use: Scroll            ||     1
 Armour: Scale mail        ||    82
  Dodge: Dodged            ||    52

Table legend: (Time is in decaauts)
 A = Elapsed time spent in this place.
 B = Non-inter-level travel time spent in this place.
 C = Inter-level travel time spent in this place.
 D = Time resting spent in this place.
 E = Time spent auto-exploring this place.
 F = Levels seen in this place.
 G = Mean time per level.
                   A        B        C        D        E       F      G
               +--------+--------+--------+--------+--------+-----+--------+
         Total |    945 |    885 |     60 |      0 |    678 |   2 |  472.5 |
       Dungeon |    945 |    885 |     60 |      0 |    678 |   2 |  472.5 |
               +--------+--------+--------+--------+--------+-----+--------+

Top non-repeatable levels by time:
     D:1: 756 daAuts
     D:2: 189 daAuts
